 Dungeon Crawl Stone Soup version 0.31-a0-819-gf6de2f5ab6 (webtiles) character file.

Game seed: 1613196100760671153

32 greenreed the Ruffian (level 3, -1/33 HPs)
             Began as a Troll Shapeshifter on Sept 23, 2023.
             Slain by Sigmund
             ... wielding a +0 scythe
              (11 damage)
             ... on level 2 of the Dungeon.
             The game lasted 00:02:07 (992 turns).

greenreed the Ruffian (Troll Shapeshifter)           Turns: 992, Time: 00:02:08

Health: -1/33      AC:  4    Str: 24    XL:     3   Next: 10%
Magic:  2/2        EV:  9    Int:  6    God:
Gold:   42         SH:  0    Dex:  9    Spells: 2/2 levels left

rFire   . .          .
                       - Unarmed
rCold   . . .        (no shield)
rNeg    . . .        a - +0 animal skin
rPois   .            (helmet currently unavailable)
rElec   .            (cloak currently unavailable)
rCorr   .            (gloves unavailable)
SInv    .            (boots unavailable)
Will    .....        (no amulet)
Stlth   +            (no ring)
HPRegen 1.05/turn    (no ring)
MPRegen 0.08/turn

%: no passive effects
@: beast-form
A: beast (slay +1), large, unfitting armour, claws 3, regeneration 1, shaggy fur
1, tough skin 1
a: Begin Untransformation


You were on level 2 of the Dungeon.
You were a hulking beast.
You visited 1 branch of the dungeon, and saw 2 of its levels.

You collected 42 gold pieces.

Inventory:

Hand Weapons
 g - a +0 sling
Armour
 a - a +0 animal skin (worn)
Talismans
 c - a beast talisman (active)
 d - a flux talisman
Scrolls
 e - a scroll of brand weapon {unknown}
 h - a scroll of poison {unknown}
 i - a scroll of enchant armour {unknown}
 j - a scroll of teleportation {unknown}
Potions
 b - a potion of lignification
 f - a potion of brilliance {unknown}
 k - a potion of berserk rage {unknown}


   Skills:
 * Level 1.4 Fighting
 + Level 1.9 Dodging
 * Level 3.4 Unarmed Combat
 + Level 3.1 Shapeshifting


You had 2 spell levels left.
You didn't know any spells.
Your spell library contained the following spells:

 Spells                   Type           Power      Damage    Failure   Level
 Sandblast                Erth           0%         2d4       45%         1
 Passwall                 Tmut/Erth      0%         N/A       58%         2
 Stone Arrow              Conj/Erth      0%         3d7       83%         3
 Brom's Barrelling Bould  Conj/Erth      0%         2d3       99%         4


Dungeon Overview and Level Annotations

Branches:
Dungeon (2/15)

Altars:

Shops:
D:1 *=!

Annotations:
D:2 Sigmund


Innate Abilities, Weirdness & Mutations

You are a hulking beast.
Your limbs bulge with bestial killing power. (Slay +1)
You are too large for most types of armour.
You have claws for hands.
Your natural rate of healing is unusually fast.
You are covered in fur. (AC +1)
You have tough skin. (AC +1)


Message History

No target in view!
You now have 42 gold pieces (gained 15).
An endoplasm comes into view.
An endoplasm is nearby!
You see here a scroll labelled ESSAWO HECLELI.
You claw the endoplasm!
You kill the endoplasm!
No target in view!
i - a scroll labelled DOUPSUANTI
j - a scroll labelled ESSAWO HECLELI
k - a smoky purple potion Sigmund the Dreaded comes into view.
He is wielding a +0 scythe.
Sigmund shouts!
Sigmund hits you from afar with a +0 scythe.
Sigmund hits you but does no damage.
You barely miss Sigmund. You scratch Sigmund.
Sigmund is lightly wounded.
Sigmund hits you with a +0 scythe!
You barely miss Sigmund.
Sigmund is lightly wounded.
Sigmund hits you but does no damage.
You barely miss Sigmund.
Sigmund is lightly wounded.
You claw Sigmund!
Sigmund is heavily wounded.
Sigmund mumbles some strange words.
Sigmund flickers and vanishes!
Deactivating autopickup; reactivate with Ctrl-A.
No target in view!
No target in view!
You barely miss something. Something hits you but does no damage.
You miss something. You miss something. Something hits you.
You miss something. Something hits you!
You completely miss something. You completely miss something.
Something hits you!
* * * LOW HITPOINT WARNING * * *
Something hits you!
You die...

...#.#.....##...#
...#.#####.##...##
...#.#
#.#.#.#.######.
...#.#
#..##..........
...#.#
#.#.###.#######
.#...# ##.##.#.##
...### .........#
#.## ##.#####.#
#.# #.# #h# #.#
#.. #.# #.# ###
#{# #.# #.# ...
#.# ... ..# .#.
###


There were no monsters in sight!

Vanquished Creatures
  2 bats (D:1)
  6 endoplasms
  4 giant cockroaches (D:1)
  3 goblins (D:1)
  2 hobgoblins (D:1)
  A quokka (D:1)
  3 ball pythons (D:1)
  2 frilled lizards (D:1)
  2 kobolds (D:1)
  3 rats (D:1)
28 creatures vanquished.

Notes
Turn   | Place    | Note
-------+----------+-------------------------------------------
     0 | D:1      | greenreed the Troll Shapeshifter began the quest for the
                  | Orb.
     0 | D:1      | Reached XP level 1. HP: 18/18 MP: 0/0
    50 | D:1      | Found Watwih's General Store.
    71 | D:1      | Reached skill level 1 in Fighting
   125 | D:1      | Reached XP level 2. HP: 27/27 MP: 1/1
   168 | D:1      | Found Pefusum's Jewellery Shop.
   234 | D:1      | Found a faded altar of an unknown god.
   365 | D:1      | Found Nesav's Distillery.
   888 | D:1      | Reached XP level 3. HP: 33/33 MP: 2/2
   976 | D:2      | Noticed Sigmund
   992 | D:2      | Slain by Sigmund

Illustrated notes

Levels and vault maps discovered:
D:1:      minmay_arrival_nine_rooms, layout_basic,
          shapermc_ecumenical_altar_petra, serial_shops,
          nicolae_shop_gaudy_bauble, nicolae_shop_industrial_runoff,
          nicolae_shop_pleasant_corner_grove, minmay_pentomino_z4
D:2:      layout_loops_ring, kennysheep_small_spiral, uniq_sigmund, uniq_natasha

Skill      XL: |  1 |
---------------+----+-----
Fighting       | 1 |  1.4
Dodging        | |  1.9
Unarmed Combat | |  3.4
Shapeshifting  | |  3.1

Action                     || total
---------------------------++-------
  Melee: Unarmed           ||    59
   Stab: Sleeping          ||     1
 Armour: Animal skin       ||    32
  Dodge: Dodged            ||    15

Table legend: (Time is in decaauts)
 A = Elapsed time spent in this place.
 B = Non-inter-level travel time spent in this place.
 C = Inter-level travel time spent in this place.
 D = Time resting spent in this place.
 E = Time spent auto-exploring this place.
 F = Levels seen in this place.
 G = Mean time per level.
                   A        B        C        D        E       F      G
               +--------+--------+--------+--------+--------+-----+--------+
         Total |    988 |    944 |     44 |      6 |    772 |   2 |  494.0 |
       Dungeon |    988 |    944 |     44 |      6 |    772 |   2 |  494.0 |
               +--------+--------+--------+--------+--------+-----+--------+

Top non-repeatable levels by time:
     D:1: 925 daAuts
     D:2: 62 daAuts
